 Dungeon Crawl Stone Soup version 0.29.1-12-g30fa7ad0bf (webtiles) character file.

Game seed: 9401763528553551053

49 Descartes the Scratcher (level 3, -4/15 HPs)
             Began as a Felid Transmuter on Jan 16, 2023.
             Killed from afar by Sigmund (10 damage)
             ... with a magic dart
             ... on level 2 of the Dungeon.
             The game lasted 00:02:15 (2174 turns).

Descartes the Scratcher (Felid Transmuter)          Turns: 2174, Time: 00:02:16

Health: -4/15      AC:  1    Str:  8    XL:     3   Next: 51%
Magic:  7/7        EV: 18    Int: 14    God:
Gold:   83         SH:  0    Dex: 16    Spells: 5/6 levels left
                                        Lives:  0   Deaths: 1

rFire   . . .      SeeInvis +     - Unarmed
rCold   . . .      Faith    .   (shield unavailable)
rNeg    . . .      Spirit   .   (body armour unavailable)
rPois   .          Reflect  .   (helmet unavailable)
rElec   .          Harm     .   (cloak unavailable)
rCorr   .          Rampage  .   (gloves unavailable)
Will    .....                   (boots unavailable)
Stlth   +.........              (no amulet)
HPRegen 0.05/turn               (no ring)
MPRegen 0.10/turn               (no ring)

@: confused, appendages (expiring), quick
A: horns 2, very small, claws 1, fangs 3, see invisible, speed 1, shaggy fur 1,
stealthy paws, no weapons or thrown items, no armour, multi-lived
a: End Transformation


You were on level 2 of the Dungeon.
You had temporarily grown beastly horns.
You visited 1 branch of the dungeon, and saw 2 of its levels.

You collected 83 gold pieces.

Inventory:

Scrolls
 d - 2 scrolls of immolation {unknown}
 e - 2 scrolls of amnesia {unknown}
 f - a scroll of butterflies {unknown}
 g - a scroll of identify {unknown}
 h - a scroll of magic mapping {unknown}
Potions
 a - a potion of lignification
 b - 2 potions of mutation {unknown}
 c - 2 potions of curing {unknown}
 i - a potion of heal wounds {unknown}


   Skills:
 + Level 1.6 Fighting
 + Level 3.3 Dodging
 + Level 1.6 Stealth
 + Level 3.4 Unarmed Combat
 + Level 2.3 Spellcasting
 + Level 1.8 Translocations
 + Level 2.6 Transmutations
 + Level 1.4 Evocations


You had 5 spell levels left.
You knew the following spells:

 Your Spells              Type           Power      Damage    Failure   Level
a - Beastly Appendage     Tmut           18%        N/A       8%          1

Your spell library contained the following spells:

 Spells                   Type           Power      Damage    Failure   Level
 Wereblood                Tmut           9%         N/A       12%         2
 Spider Form              Tmut/Pois      5%         N/A       36%         3
 Ice Form                 Ice/Tmut       5%         N/A       78%         4
 Airstrike                Air            0%         2d(1-17)  92%         4
 Summon Lightning Spire   Summ/Air       1%         N/A       92%         4
 Lightning Bolt           Conj/Air       0%         1d11      99%         5


Dungeon Overview and Level Annotations

Branches:
Dungeon (2/15)

Altars:

Annotations:
D:2 Sigmund


Innate Abilities, Weirdness & Mutations

You have temporarily grown beastly horns.
You have sharp claws.
You have razor-sharp teeth.
You have supernaturally acute eyesight. (SInv)
You cover ground quickly. (Speed+)
You are covered in fur. (AC +1)
Your paws help you pounce on unaware monsters.
You are incapable of wielding weapons or throwing items.
You cannot wear armour.
You gain extra lives every three experience levels.


Message History

The adder barely misses you.
You miss the adder. You bite the adder.
The adder is severely wounded.
The adder bites you but does no damage. The adder bites you.
You miss the adder. You headbutt the adder.
You kill the adder!
No target in view!
No target in view!
No target in view!
No target in view!
No target in view!
No target in view!
Your transformation is almost over.
Your horns disappear.
You see here a jackal skeleton.
Found a stone staircase leading up.
A ball python comes into view.
Casting: Beastly Appendage (safe; 8% risk of failure)
Confirm with . or Enter, or press ? or * to list all spells.
You grow a pair of large bovine horns.
The ball python hisses angrily.
There is a stone staircase leading up here.
A ball python is nearby!
No reachable target in view!
No reachable target in view!
Your transformation is almost over.
Sigmund shouts!
The ball python barely misses you. The ball python completely misses you.
You scratch the ball python.
You kill the ball python!
Sigmund gestures at you while chanting. The puff of flame hits you!
Ouch! That really hurt!
Sigmund casts a spell at you.
You are confused.
You can't go up here!
Sigmund casts a spell at you. The magic dart hits you!
Ouch! That really hurt!
You die...

#. .. #####.#.#
####.....#.#.#
#..........#.#
#..........#.# ##
####.........##.# #.
#............##.# #.
##.........##.####. #
#<@.............##.
####.#............)รท....
.....................###
.....@...#.#.###.....#
......####.#.# #.....#
...... #.#.# #.....###
...... #.#.###........
...... ......'........
##..# #.#.###........


You could see Sigmund.

Vanquished Creatures
  Jessica (D:2)
  2 adders (D:2)
  4 dart slugs
  4 bats (D:1)
  An endoplasm (D:2)
  2 giant cockroaches
  A hobgoblin (D:1)
  2 jackals (D:2)
  3 quokkas
  6 ball pythons
  4 frilled lizards (D:1)
  6 goblins
  4 kobolds
  A rat (D:2)
41 creatures vanquished.

Notes
Turn   | Place    | Note
-------+----------+-------------------------------------------
     0 | D:1      | Descartes the Felid Transmuter began the quest for the Orb.
     0 | D:1      | Reached XP level 1. HP: 9/9 MP: 4/4
   316 | D:1      | Reached XP level 2. HP: 12/12 MP: 6/6
   496 | D:1      | Found a faded altar of an unknown god.
   523 | D:1      | Reached skill level 1 in Translocations
   841 | D:1      | Reached skill level 1 in Stealth
   922 | D:1      | Reached XP level 3. HP: 10/15 MP: 7/7
  1656 | D:2      | Noticed Sigmund
  1735 | D:2      | Reached skill level 1 in Evocations
  1735 | D:2      | Noticed Jessica
  1753 | D:2      | Killed Jessica
  1754 | D:2      | Reached XP level 4. HP: 10/19 MP: 6/8
  1969 | D:2      | Slain by an adder
  1970 | D:2      | Reached XP level 3. HP: -1/15 MP: 7/7
  2174 | D:2      | Killed from afar by Sigmund

Illustrated notes

Levels and vault maps discovered:
D:1:      shiori_shiawase, layout_basic, hellmonk_ecumenical_altar_heavens_door,
          minmay_box_of_dots
D:2:      layout_basic, uniq_sigmund, uniq_jessica

Skill      XL: |  1  2  3 |
---------------+----------+-----
Translocations | 1 |  1.8
Dodging        | 3 |  3.3
Stealth        | 1 |  1.6
Evocations     | 1 |  1.4
Fighting       | |  1.6
Unarmed Combat | |  3.4
Spellcasting   | |  2.3
Transmutations | |  2.6

Action                   |  1- 3 |  4- 6 || total
-------------------------+-------+-------++-------
Melee: Unarmed           |   107 |    19 ||   126
       Bite              |     9 |     4 ||    13
       Headbutt          |     5 |     2 ||     7
 Cast: Beastly Appendage |     9 |     3 ||    12
 Stab: Sleeping          |     2 |       ||     2
Armor: Skin              |     4 |       ||     4
Dodge: Dodged            |    77 |    12 ||    89
